[ AOE2 MATCH · #506490287 ]
UnrankedSaracens vs Berbers
Player's team · WIN
Rival team · LOSS
[ REPLAY ANALYSIS · EXTRACTED FROM THE RECORDED GAME ]
Feudal
8:51
Castle
20:33
Imperial
29:44
| APM avg | 61.6 |
| APM peak | 110 |
| eAPM avg | 28.6 |
| Villagers / military | 136 / 158 |
Focus
⚔️ 40.8% · 🌾 59.2%
Mameluke ×74 · Monk ×53 · Bombard Cannon ×21 · Trebuchet (Packed) ×6 · Petard ×4
Feudal
11:32
Castle
22:02
Imperial
27:21
| APM avg | 62.5 |
| APM peak | 107 |
| eAPM avg | 34.5 |
| Villagers / military | 124 / 112 |
Focus
⚔️ 23.8% · 🌾 76.2%
Genitour ×56 · Camel Archer ×42 · Bombard Cannon ×7 · Skirmisher ×4 · Trebuchet (Packed) ×3
Match map
Initial resources + every placement click. Lines = walls · curves = elevation contours. ◆ gold · ⬟ stone · ● berries · ✦ relic · ◌ wall gap
Your base· ✓ Closed at 20:33 · 1t walls · 2 gate(s)
UXKEKO's base· ✓ Closed at 22:02 · 0t walls · 3 gate(s)
Smoothed initial terrain · ◌ = detected wall gap · hover for details
Inputs per minute
— No soy Masche - - UXKEKO
Build order — No soy Masche
First 150 of 389 actions detected
| 0:01 | Queue | Villager (Male) |
| 0:01 | Queue | Villager (Male) |
| 0:01 | Queue | Villager (Male) |
| 0:02 | Build | House |
| 0:04 | Build | House |
| 0:08 | Queue | Villager (Male) |
| 1:29 | Queue | Villager (Male) |
| 1:30 | Queue | Villager (Male) |
| 2:06 | Queue | Villager (Male) |
| 2:06 | Queue | Villager (Male) |
| 2:06 | Queue | Villager (Male) |
| 2:11 | Build | Lumber Camp |
| 2:21 | Queue | Villager (Male) |
| 2:22 | Queue | Villager (Male) |
| 2:50 | Queue | Villager (Male) |
| 2:51 | Queue | Villager (Male) |
| 3:02 | Queue | Villager (Male) |
| 3:23 | Queue | Villager (Male) |
| 3:23 | Queue | Villager (Male) |
| 3:41 | Build | House |
| 3:42 | Queue | Villager (Male) |
| 3:43 | Queue | Villager (Male) |
| 4:21 | Queue | Villager (Male) |
| 4:23 | Queue | Villager (Male) |
| 4:23 | Queue | Villager (Male) |
| 4:39 | Build | Mining Camp |
| 4:58 | Queue | Villager (Male) |
| 4:58 | Queue | Villager (Male) |
| 4:58 | Queue | Villager (Male) |
| 5:19 | Queue | Villager (Male) |
| 5:19 | Queue | Villager (Male) |
| 5:19 | Queue | Villager (Male) |
| 5:33 | Research | Loom |
| 5:34 | Research | Loom |
| 6:20 | Research | Feudal Age |
| 6:42 | Build | House |
| 7:28 | Build | Palisade Wall |
| 7:42 | Queue | Villager (Male) |
| 8:02 | Queue | Villager (Male) |
| 8:44 | Queue | Villager (Male) |
| 8:51 | Age | Feudal Age |
| 9:04 | Build | Watch Tower |
| 9:07 | Queue | Villager (Male) |
| 9:10 | Research | Double-Bit Axe |
| 9:33 | Build | Blacksmith |
| 9:35 | Build | House |
| 9:57 | Queue | Villager (Male) |
| 10:02 | Build | Mill |
| 10:24 | Queue | Villager (Male) |
| 10:29 | Research | Fletching |
| 10:29 | Research | Fletching |
| 10:48 | Queue | Villager (Male) |
| 10:49 | Queue | Villager (Male) |
| 11:19 | Queue | Villager (Male) |
| 11:19 | Queue | Villager (Male) |
| 11:31 | Queue | Villager (Male) |
| 11:35 | Queue | Villager (Male) |
| 11:43 | Build | Watch Tower |
| 12:04 | Queue | Villager (Male) |
| 12:05 | Queue | Villager (Male) |
| 12:08 | Build | Farm |
| 12:15 | Build | Market |
| 12:34 | Build | Farm |
| 12:52 | Queue | Villager (Male) |
| 12:52 | Queue | Villager (Male) |
| 12:54 | Build | Farm |
| 13:06 | Build | House |
| 13:22 | Queue | Villager (Male) |
| 13:25 | Queue | Villager (Male) |
| 13:26 | Queue | Villager (Male) |
| 13:29 | Build | House |
| 13:54 | Queue | Villager (Male) |
| 13:59 | Build | Mining Camp |
| 14:10 | Queue | Villager (Male) |
| 14:10 | Queue | Villager (Male) |
| 14:24 | Queue | Villager (Male) |
| 14:53 | Queue | Villager (Male) |
| 14:56 | Build | Farm |
| 15:03 | Queue | Villager (Male) |
| 15:25 | Queue | Villager (Male) |
| 15:25 | Queue | Villager (Male) |
| 15:26 | Queue | Villager (Male) |
| 15:26 | Queue | Villager (Male) |
| 15:32 | Build | Farm |
| 15:36 | Build | House |
| 15:55 | Build | Watch Tower |
| 16:00 | Build | Watch Tower |
| 16:03 | Queue | Villager (Male) |
| 16:05 | Queue | Villager (Male) |
| 16:10 | Build | Farm |
| 16:14 | Build | House |
| 16:23 | Research | Town Watch |
| 16:40 | Build | Outpost |
| 16:47 | Queue | Villager (Male) |
| 17:08 | Queue | Villager (Male) |
| 17:12 | Build | Farm |
| 17:20 | Build | Farm |
| 17:46 | Build | Outpost |
| 17:47 | Research | Castle Age |
| 18:46 | Build | Outpost |
| 19:05 | Build | House |
| 19:19 | Build | Outpost |
| 19:25 | Build | House |
| 19:48 | Queue | Villager (Male) |
| 20:06 | Build | House |
| 20:10 | Queue | Villager (Male) |
| 20:29 | Build | House |
| 20:30 | Queue | Villager (Male) |
| 20:33 | Age | Castle Age |
| 20:46 | Build | Castle |
| 21:02 | Queue | Villager (Male) |
| 21:12 | Build | Monastery |
| 21:16 | Research | Bodkin Arrow |
| 21:20 | Build | Farm |
| 21:21 | Queue | Villager (Male) |
| 21:49 | Queue | Villager (Male) |
| 22:13 | Build | Mining Camp |
| 22:17 | Queue | Monk |
| 22:24 | Queue | Mameluke |
| 22:29 | Queue | Villager (Male) |
| 22:33 | Build | Mining Camp |
| 22:50 | Queue | Villager (Male) |
| 23:16 | Queue | Monk |
| 23:22 | Build | Farm |
| 23:30 | Build | Lumber Camp |
| 23:38 | Queue | Mameluke |
| 23:39 | Queue | Villager (Male) |
| 23:42 | Build | Farm |
| 23:53 | Queue | Villager (Male) |
| 24:02 | Build | Farm |
| 24:09 | Queue | Villager (Male) |
| 24:33 | Queue | Monk |
| 24:54 | Queue | Villager (Male) |
| 25:20 | Queue | Mameluke |
| 25:35 | Queue | Villager (Male) |
| 26:09 | Queue | Villager (Male) |
| 26:26 | Research | Imperial Age |
| 26:26 | Research | Imperial Age |
| 26:44 | Build | Farm |
| 26:59 | Queue | Mameluke |
| 27:06 | Queue | Mameluke |
| 27:07 | Queue | Mameluke |
| 27:18 | Research | Sanctity |
| 27:18 | Research | Sanctity |
| 27:46 | Queue | Petard |
| 27:46 | Queue | Petard |
| 27:49 | Queue | Petard |
| 28:21 | Queue | Petard |
| 28:28 | Research | Redemption |
| 28:37 | Queue | Villager (Male) |
Build order — UXKEKO
First 150 of 454 actions detected
| 0:00 | Queue | Villager (Male) |
| 0:01 | Queue | Villager (Male) |
| 0:02 | Build | House |
| 0:02 | Build | House |
| 0:05 | Queue | Villager (Male) |
| 0:06 | Queue | Villager (Male) |
| 1:17 | Queue | Villager (Male) |
| 1:18 | Queue | Villager (Male) |
| 1:20 | Build | Lumber Camp |
| 1:38 | Queue | Villager (Male) |
| 1:38 | Queue | Villager (Male) |
| 2:09 | Queue | Villager (Male) |
| 2:41 | Queue | Villager (Male) |
| 2:47 | Build | House |
| 2:48 | Build | House |
| 2:49 | Build | House |
| 3:16 | Queue | Villager (Male) |
| 3:31 | Queue | Villager (Male) |
| 3:58 | Build | Lumber Camp |
| 4:00 | Queue | Villager (Male) |
| 4:00 | Queue | Villager (Male) |
| 4:00 | Queue | Villager (Male) |
| 4:22 | Queue | Villager (Male) |
| 4:22 | Queue | Villager (Male) |
| 4:40 | Queue | Villager (Male) |
| 4:40 | Queue | Villager (Male) |
| 4:40 | Queue | Villager (Male) |
| 4:59 | Queue | Villager (Male) |
| 4:59 | Queue | Villager (Male) |
| 5:22 | Queue | Villager (Male) |
| 5:22 | Queue | Villager (Male) |
| 5:48 | Queue | Villager (Male) |
| 5:49 | Queue | Villager (Male) |
| 6:02 | Queue | Villager (Male) |
| 6:02 | Queue | Villager (Male) |
| 6:09 | Queue | Villager (Male) |
| 6:10 | Queue | Villager (Male) |
| 6:23 | Queue | Villager (Male) |
| 6:23 | Queue | Villager (Male) |
| 6:47 | Build | Mill |
| 6:53 | Queue | Villager (Male) |
| 6:54 | Queue | Villager (Male) |
| 7:02 | Queue | Villager (Male) |
| 7:02 | Queue | Villager (Male) |
| 7:24 | Build | Mining Camp |
| 7:32 | Queue | Villager (Male) |
| 7:34 | Build | Farm |
| 7:36 | Build | Farm |
| 7:40 | Build | Farm |
| 7:43 | Build | Farm |
| 7:48 | Queue | Villager (Male) |
| 7:48 | Queue | Villager (Male) |
| 8:06 | Queue | Villager (Male) |
| 8:36 | Research | Loom |
| 9:18 | Build | House |
| 9:19 | Build | House |
| 9:22 | Research | Feudal Age |
| 9:23 | Research | Feudal Age |
| 9:28 | Build | House |
| 10:08 | Build | House |
| 10:10 | Queue | Villager (Male) |
| 10:52 | Build | House |
| 11:06 | Build | Mining Camp |
| 11:11 | Build | Mining Camp |
| 11:12 | Queue | Villager (Male) |
| 11:12 | Queue | Villager (Male) |
| 11:32 | Age | Feudal Age |
| 11:33 | Build | Watch Tower |
| 11:36 | Research | Double-Bit Axe |
| 12:17 | Build | Market |
| 12:23 | Queue | Villager (Male) |
| 12:23 | Queue | Villager (Male) |
| 12:56 | Queue | Villager (Male) |
| 12:56 | Queue | Villager (Male) |
| 13:05 | Build | Blacksmith |
| 13:58 | Research | Fletching |
| 13:58 | Research | Fletching |
| 14:04 | Queue | Villager (Male) |
| 14:04 | Queue | Villager (Male) |
| 14:05 | Queue | Villager (Male) |
| 14:18 | Build | Watch Tower |
| 14:54 | Queue | Villager (Male) |
| 14:54 | Queue | Villager (Male) |
| 15:32 | Queue | Villager (Male) |
| 15:32 | Queue | Villager (Male) |
| 15:57 | Queue | Villager (Male) |
| 15:57 | Queue | Villager (Male) |
| 16:03 | Build | Watch Tower |
| 16:19 | Queue | Villager (Male) |
| 16:20 | Queue | Villager (Male) |
| 16:39 | Queue | Villager (Male) |
| 16:39 | Queue | Villager (Male) |
| 16:49 | Queue | Villager (Male) |
| 16:49 | Queue | Villager (Male) |
| 17:01 | Research | Horse Collar |
| 17:05 | Queue | Villager (Male) |
| 17:06 | Queue | Villager (Male) |
| 17:11 | Queue | Villager (Male) |
| 17:22 | Queue | Villager (Male) |
| 17:22 | Queue | Villager (Male) |
| 17:22 | Queue | Villager (Male) |
| 17:29 | Build | Farm |
| 17:29 | Build | Farm |
| 17:29 | Build | Farm |
| 17:29 | Build | Farm |
| 17:29 | Build | Farm |
| 17:30 | Build | Farm |
| 17:30 | Build | Farm |
| 17:30 | Build | Farm |
| 17:30 | Build | Farm |
| 17:30 | Build | Farm |
| 17:31 | Build | Farm |
| 17:37 | Research | Wheelbarrow |
| 17:37 | Research | Wheelbarrow |
| 18:11 | Build | Lumber Camp |
| 19:22 | Research | Castle Age |
| 19:22 | Research | Castle Age |
| 19:22 | Research | Castle Age |
| 19:34 | Build | Farm |
| 19:34 | Build | Farm |
| 20:11 | Build | Lumber Camp |
| 20:16 | Queue | Villager (Male) |
| 20:16 | Queue | Villager (Male) |
| 21:24 | Build | Mining Camp |
| 22:02 | Age | Castle Age |
| 22:26 | Build | Castle |
| 22:30 | Build | Farm |
| 22:36 | Queue | Villager (Male) |
| 23:05 | Research | Gold Mining |
| 23:10 | Queue | Villager (Male) |
| 24:11 | Research | Imperial Age |
| 24:11 | Research | Imperial Age |
| 24:12 | Research | Imperial Age |
| 24:19 | Build | House |
| 24:29 | Build | Stone Wall |
| 24:34 | Build | Stone Wall |
| 24:40 | Build | House |
| 24:43 | Build | Stone Wall |
| 24:50 | Build | Gate |
| 25:04 | Research | Bow Saw |
| 25:04 | Research | Bow Saw |
| 25:11 | Build | Stone Wall |
| 25:12 | Build | Stone Wall |
| 25:32 | Build | University |
| 25:54 | Build | Siege Workshop |
| 26:14 | Queue | Villager (Male) |
| 27:21 | Age | Imperial Age |
| 27:22 | Research | Chemistry |
| 27:23 | Queue | Trebuchet (Packed) |
| 27:31 | Build | House |
Match timeline
| 7:28 | No soy Masche · wall_segment Palisade Wall x1 |
| 8:51 | No soy Masche · age_up feudal |
| 11:32 | UXKEKO · age_up feudal |
| 13:29 | UXKEKO · first_market_buy 100 food |
| 15:07 | No soy Masche · first_market_buy 100 food |
| 16:57 | UXKEKO · first_market_sell 100 wood |
| 17:34 | No soy Masche · first_market_sell 100 stone |
| 20:33 | No soy Masche · age_up castle |
| 20:46 | No soy Masche · first_building Castle |
| 21:12 | No soy Masche · first_building Monastery |
| 22:02 | UXKEKO · age_up castle |
| 22:26 | UXKEKO · first_building Castle |
| 24:29 | UXKEKO · wall_segment Stone Wall x2 |
| 24:34 | UXKEKO · wall_segment Stone Wall x2 |
| 24:43 | UXKEKO · wall_segment Stone Wall x1 |
| 25:11 | UXKEKO · wall_segment Stone Wall x1 |
| 25:12 | UXKEKO · wall_segment Stone Wall x1 |
| 25:54 | UXKEKO · first_building Siege Workshop |
| 27:21 | UXKEKO · age_up imperial |
| 29:44 | No soy Masche · age_up imperial |
| 30:10 | No soy Masche · first_building Siege Workshop |
| 31:46 | UXKEKO · wall_segment Stone Wall x2 |
| 34:08 | UXKEKO · first_building Barracks |
| 34:46 | UXKEKO · first_building Stable |
| 35:11 | UXKEKO · first_building Monastery |
| 44:00 | UXKEKO · first_building Archery Range |
| 54:13 | UXKEKO · resign |
[ AI ANALYSIS · 1 CREDIT ]
What really happened in this match?
Wolo.gg analyzes every decision: build order, eco, micro, common mistakes by bracket. Personalized analysis on WhatsApp or Discord in 30 seconds.
Civ guide
Saracens
Perfil
Jugador #2716438